 Dungeon Crawl Stone Soup version 0.30-a0-756-gc2185399d4 (webtiles) character file.

Game seed: 2489128170141242608

56 Dirtsage the Slasher (level 3, -1/27 HPs)
             Began as a Merfolk Gladiator on Feb 9, 2023.
             Slain by a gnoll
             ... wielding a +0 spear
              (5 damage)
             ... on level 2 of the Dungeon.
             The game lasted 00:01:57 (1036 turns).

Dirtsage the Slasher (Merfolk Gladiator)            Turns: 1036, Time: 00:01:57

Health: -1/27      AC:  6    Str: 14    XL:     3   Next: 95%
Magic:  3/3        EV: 12    Int:  7    God:
Gold:   45         SH:  0    Dex: 17    Spells: 2/2 levels left

rFire   + . .      SeeInvis .    a - +0 long sword
rCold   . . .      Faith    .    (no shield)
rNeg    . . .      Spirit   .    i - +0 ring mail
rPois   .          Reflect  .    c - +0 helmet
rElec   .          Harm     .    (no cloak)
rCorr   .          Rampage  .    (no gloves)
Will    +....                    (no boots)
Stlth   +                        (no amulet)
HPRegen 0.24/turn                j - ring of willpower
MPRegen 0.08/turn                F - ring of protection from fire

@: no status effects
A: (nimble swimmer 2), mertail
a: no special abilities


You were on level 2 of the Dungeon.
You visited 1 branch of the dungeon, and saw 3 of its levels.

You collected 45 gold pieces.

Inventory:

Hand Weapons
 a - a +0 long sword (weapon)
Missiles
 d - 3 throwing nets (quivered)
 e - a javelin
Armour
 b - a +0 leather armour
 c - a +0 helmet (worn)
 i - a +0 ring mail (worn)
Jewellery
 j - a ring of willpower (left hand)
 F - a ring of protection from fire (right hand)
Scrolls
 f - 2 scrolls of brand weapon {unknown}
 g - a scroll of identify {unknown}
 h - 2 scrolls of enchant armour {unknown}
Potions
 k - a potion of magic {unknown}
 l - a potion of curing {unknown}
 m - a potion of heal wounds {unknown}


   Skills:
 - Level 2.1 Fighting
 + Level 5.7 Long Blades
 - Level 2.0 Throwing
 - Level 4.0 Dodging


You had 2 spell levels left.
You didn't know any spells.
Your spell library was empty.

Dungeon Overview and Level Annotations

Branches:
Dungeon (3/15)

Altars:


Innate Abilities, Weirdness & Mutations

((You are very nimble when in or above water. (Stealth+, EV+, Speed+++)))
Your lower body shifts to a powerful aquatic tail in water.


Message History

You hit the ball python.
The ball python is moderately wounded.
The ball python closely misses you. The ball python constricts you.
You slash the ball python!
You kill the ball python!
The endoplasm quivers.
You see here a ball python corpse.
An endoplasm is nearby!
No target in view!
No target in view!
The endoplasm hits you but does no damage.
You hit the endoplasm.
The endoplasm is almost dead.
The endoplasm freezes you.
You are frozen.
You take 4 damage, and have 23/27 hp.
You slash the endoplasm!
You kill the endoplasm!
No target in view!
No target in view!
Found a stone staircase leading down.
Health restored: 27
h - 2 scrolls labelled RUSKAD FUCS (gained 1)
You open the door.
There is an open door here.
Found a stone staircase leading up.
There is a stone staircase leading up here.
You climb upwards.
There is a stone staircase leading down here.
The gnoll shouts! x2; The goblin shouts!
The gnoll hits you with a +0 halberd!
Ouch! That really hurt!
The gnoll barely misses you.
You take 15 damage, and have 12/27 hp.
MASSIVE DAMAGE!!
You hit the gnoll.
The gnoll is lightly wounded.
The gnoll hits you with a +0 halberd!
* * * LOW HITPOINT WARNING * * *
The gnoll hits you from afar with a +0 spear.
You die...

.# ........#### #.# ## #########
# #.# .. # #.# ###. # #####
#.######... # ...g. .......... #
.[.g.##.####... #
...gg†g.......###### #
#######.####.ggg@..##############
#g####.#####.........>....#
#g##...# ##############÷.
#.#.g### ### #..g## #.g##
#####.#### #........# #........#


You could see 2 gnolls and a goblin.

Vanquished Creatures
  2 gnolls
  A dart slug (D:3)
  3 endoplasms
  3 giant cockroaches
  5 goblins
  3 hobgoblins
  4 kobolds
  4 quokkas
  2 ball pythons
  2 frilled lizards (D:2)
  3 rats
32 creatures vanquished.

Notes
Turn   | Place    | Note
-------+----------+-------------------------------------------
     0 | D:1      | Dirtsage the Merfolk Gladiator began the quest for the Orb.
     0 | D:1      | Reached XP level 1. HP: 16/16 MP: 1/1
   231 | D:1      | Reached skill level 4 in Long Blades
   274 | D:1      | Reached XP level 2. HP: 19/22 MP: 2/2
   720 | D:2      | Reached XP level 3. HP: 27/27 MP: 3/3
   761 | D:2      | Reached skill level 5 in Long Blades
  1036 | D:2      | Slain by a gnoll

Illustrated notes

Levels and vault maps discovered:
D:1:      grunt_arrival_crossed_arrows, layout_basic, due_unseen_surprise
D:2:      layout_rooms, basic_altar
D:3:      cheibrodos_greedy_goblins, layout_basic, serial_aquarium,
          aquarium_bridge_island_small [aquarium_subvault_small_water,
          aquarium_subvault_wall, aquarium_subvault_balcony,
          aquarium_subvault_bridge, aquarium_subvault_bridge],
          aquarium_window_3, aquarium_window_fake, aquarium_window_2,
          aquarium_view_2g, aquarium_pool_five

Skill      XL: |  1  2  3 |
---------------+----------+-----
Long Blades    | 4 5 |  5.7
Fighting       | |  2.1
Throwing       | |  2.0
Dodging        | |  4.0

Action                     || total
---------------------------++-------
  Melee: Long sword        ||    99
         Punch             ||     1
 Armour: Leather armour    ||     6
         Ring mail         ||    23
  Dodge: Dodged            ||    68

Table legend: (Time is in decaauts)
 A = Elapsed time spent in this place.
 B = Non-inter-level travel time spent in this place.
 C = Inter-level travel time spent in this place.
 D = Time resting spent in this place.
 E = Time spent auto-exploring this place.
 F = Levels seen in this place.
 G = Mean time per level.
                   A        B        C        D        E       F      G
               +--------+--------+--------+--------+--------+-----+--------+
         Total |   1051 |   1011 |     40 |     76 |    681 |   3 |  350.3 |
       Dungeon |   1051 |   1011 |     40 |     76 |    681 |   3 |  350.3 |
               +--------+--------+--------+--------+--------+-----+--------+

Top non-repeatable levels by time:
     D:1: 663 daAuts
     D:2: 195 daAuts
     D:3: 193 daAuts
